 Dungeon Crawl Stone Soup version 0.22.0-1-g6561e4c (webtiles) character file.

48 letownia2 the Insei (level 3, -1/26 HPs)
             Began as a Demonspawn Transmuter on Aug 12, 2018.
             Killed from afar by Natasha (3 damage)
             ... with a magic dart
             ... on level 2 of the Dungeon.
             The game lasted 00:04:30 (624 turns).

letownia2 the Insei (Demonspawn Transmuter)          Turns: 624, Time: 00:04:31

Health: -1/26      AC:  5    Str: 11    XL:     3   Next: 50%
Magic:  5/6        EV: 16    Int: 14    God:
Gold:   121        SH:  0    Dex: 20    Spells: 3/6 levels left

rFire    . . .     SeeInvis .     - Unarmed
rCold    . . .     Gourm    .   (no shield)
rNeg     . . .     Faith    .   c - +0 ring mail
rPois    .         Spirit   .   (no helmet)
rElec    .         Reflect  .   (no cloak)
rCorr    .         Harm     .   (no gloves)
MR       .....                  (no boots)
Stlth    ++........             (no amulet)
HPRegen  0.08/turn              i - ring of attention (curse)
MPRegen  0.10/turn              (no ring)

@: agile
A: thin skeletal structure 1, demonic guardian 1
a: no special abilities


You were on level 2 of the Dungeon.
You were not hungry.

You visited 1 branch of the dungeon, and saw 3 of its levels.

You collected 121 gold pieces.

Inventory:

Missiles
 a - 22 arrows
 h - 2 tomahawks (quivered)
Armour
 b - a +0 robe
 c - a +0 ring mail (worn)
 j - a +0 leather armour
Jewellery
 i - a cursed ring of attention (left hand)
Scrolls
 f - 2 scrolls of remove curse {unknown}
 g - a scroll of amnesia {unknown}
 k - a scroll of identify {unknown}
Comestibles
 d - a ration


   Skills:
 - Level 1.0 Fighting
 - Level 1.7 Dodging
 + Level 4.1 Unarmed Combat
 - Level 2.0 Spellcasting
 - Level 1.7 Transmutations


You had 3 spell levels left.
You knew the following spells:

 Your Spells              Type           Power        Failure   Level  Hunger
a - Beastly Appendage     Tmut           #.....       28%         1    ##.....
l - Sticks to Snakes      Tmut           #.......     38%         2    ###....

Your spell library contained the following spells:

 Spells                   Type           Power        Failure   Level  Hunger
 Spider Form              Tmut/Pois      #.........   77%         3    ####...
 Blade Hands              Tmut           #.........   100%        5    ######.
 Ice Form                 Ice/Tmut       #.......     99%         4    #####..


Dungeon Overview and Level Annotations

Branches:
Dungeon (3/15)

Altars:
Uskayaw

Annotations:
D:2 Natasha


Innate Abilities, Weirdness & Mutations

You have a somewhat thin skeletal structure. (Dex +2, Stealth)
A weak demonic guardian rushes to your aid.


Message History

Your magical contamination has completely faded away.
It was a potion of curing.
You feel better. The bat hits you but does no damage.
Natasha stares at you and mumbles some strange words.
The magic dart hits you!
* * * LOW HITPOINT WARNING * * *
The bat barely misses you.
Your quasit bites the worm.
Your quasit claws the worm.
Your quasit claws the worm but does no damage.
The worm barely misses your quasit.
Unknown command.
The bat hits you but does no damage. The bat closely misses you.
Your quasit bites the worm but does no damage.
Your quasit claws the worm. x2; Your quasit bites the worm.
The worm dies!
Unknown command.
The bat misses you.
Natasha stares at you and mumbles some strange words.
The magic dart hits you!
You die...

.g.............. .......
.....#### ####...# ........
#......# #.#....# #..#
#......#####.#.# .# #.......
#..............##.####.......
#........................#...
####......5†h...b...###.#.#.#...
#..............@....###.#.#.#...
#..........)#######...#.#.#.....
#...........#######......<....#
#...........##.........##....###
#...........##......##.##.#.....
#...........##..................
#...........##......##.##....>##
#...........##......##.##.#.#.##
##...........##......##..........


You could see Natasha, a bat and a friendly quasit.

Vanquished Creatures
  Natasha (D:2)
  A ball python (D:1)
  3 bats
  2 giant cockroaches (D:2)
  2 goblins
  2 hobgoblins
  A frilled lizard (D:3)
  2 kobolds
  8 rats
22 creatures vanquished.

Vanquished Creatures (collateral kills)
  A worm (D:2)
  A giant cockroach (D:2)
2 creatures vanquished.

Grand Total: 24 creatures vanquished

Notes
Turn   | Place    | Note
-------+----------+-------------------------------------------
     0 | D:1      | letownia2 the Demonspawn Transmuter began the quest for the Orb.
     0 | D:1      | Reached XP level 1. HP: 15/15 MP: 3/3
   137 | D:1      | Reached skill level 3 in Unarmed Combat
   226 | D:2      | Gained mutation: You have a somewhat thin skeletal structure. (Dex +2, Stealth) [demonic ancestry]
   226 | D:2      | Reached XP level 2. HP: 10/21 MP: 1/5
   352 | D:2      | Found a hide-covered altar of Uskayaw.
   387 | D:2      | Noticed Natasha
   414 | D:2      | Learned a level 2 spell: Sticks to Snakes
   581 | D:2      | Killed Natasha
   581 | D:2      | Reached skill level 4 in Unarmed Combat
   581 | D:2      | Gained mutation: A weak demonic guardian rushes to your aid. [demonic ancestry]
   581 | D:2      | Reached XP level 3. HP: 8/26 MP: 1/6
   613 | D:2      | Noticed Natasha
   620 | D:2      | HP: 1/26 [Natasha/magic dart (3)]
   624 | D:2      | Killed from afar by Natasha

Skill      XL: |  1  2 |
---------------+-------+-----
Unarmed Combat | 3 4 |  4.1
Fighting       | |  1.0
Dodging        | |  1.7
Spellcasting   | |  2.0
Transmutations | |  1.7

Action                   || total
-------------------------++-------
Melee: Unarmed           ||    75
       Headbutt          ||     3
       Kick              ||     3
Throw: Tomahawk          ||     1
 Cast: Beastly Appendage ||    12
       Sticks to Snakes  ||     1
  Use: Potion            ||     2
Armor: Ring mail         ||    43
Dodge: Dodged            ||    67
